 Dungeon Crawl Stone Soup version 0.30-b1-2-g02819fbbbe (webtiles) character file.

Game seed: 5569239823990882348

199440 Megalobster the Axe Maniac (level 17, -6/176 HPs)
             Began as a Minotaur Berserker on Dec 30, 2023.
             Was a High Priest of Trog.
             Shot with an arrow by Vashnia (27 damage)
             ... on level 4 of the Snake Pit on Dec 31, 2023.
             The game lasted 01:54:29 (35046 turns).

Megalobster the Axe Maniac (Minotaur Berserker)    Turns: 35046, Time: 01:54:29

Health: -6/176     AC: 24    Str: 34    XL:     17   Next: 84%
Magic:  16/16      EV: 12    Int:  4    God:    Trog [*****.]
Gold:   791        SH:  5    Dex: 15    Spells: 16/16 levels left

rFire   . . .        a - +9 executioner's axe (spect)
rCold   + . .        (shield currently unavailable)
rNeg    . . .        s - +0 chain mail {rPois}
rPois   +            L - +2 hat
rElec   .            H - +2 cloak {Will+}
rCorr   .            c - +1 pair of gloves
SInv    .            A - +2 pair of boots of Liberalism {Fly Regen+ Str+3}
Will    ++++.        w - amulet of reflection Stlth
                     k - +6 ring of dexterity
HPRegen 2.29/turn    O - ring of protection from cold
MPRegen 0.15/turn

%: reflection
@: lethally poisoned (-6 -> -6), weakened, strong-willed, on berserk cooldown,
flying, regenerating, slowed, very slow
A: horns 2, retaliatory headbutt
}: 1/15 runes: decaying
a: Renounce Religion, Berserk, Trog's Hand, Brothers in Arms


You were on level 4 of the Snake Pit.
You worshipped Trog.
Trog was extremely pleased with you.
You visited 5 branches of the dungeon, and saw 30 of its levels.

You collected 3607 gold pieces.
You spent 2816 gold pieces at shops.

Inventory:

Hand Weapons
 a - a +9 spectral executioner's axe (weapon)
 b - the +4 morningstar "Kuny" {flame, Fly rN+ Dex-4}
   (You found it on level 3 of the Lair of Beasts)

   Dex:       It affects your dexterity (-4).
   rN:        It protects you from negative energy.
   Fly:       It grants you flight.
 U - a +4 antimagic battleaxe
Missiles
 h - 223 stones (quivered)
 x - 5 boomerangs of dispersal
 R - a throwing net {!f}
Armour
 c - a +1 pair of gloves (worn)
 l - a +2 pair of boots
 s - a +0 chain mail of poison resistance (worn)
 y - the +1 plate armour of Majestic Leaves {Will++ Str-4 Int+2}
   (You bought it in a shop on level 2 of the Snake Pit)

   Str:       It affects your strength (-4).
   Int:       It affects your intelligence (+2).
   Will:      It greatly increases your willpower.
 A - the +2 pair of boots of Liberalism (worn) {Fly Regen+ Str+3}
   (You bought it in a shop on level 2 of the Snake Pit)

   Str:       It affects your strength (+3).
   Fly:       It grants you flight.
   Regen:     It increases your rate of health regeneration.
 H - a +2 cloak of willpower (worn)
 L - a +2 hat (worn)
 N - the +6 ring mail of Sloth {rC+ Will+ Dex+3}
   (You bought it in a shop on level 2 of the Orcish Mines)

   Dex:       It affects your dexterity (+3).
   rC:        It protects you from cold.
   Will:      It increases your willpower.
Jewellery
 k - a +6 ring of dexterity (left hand)
 w - an amulet of reflection (around neck)
 O - a ring of protection from cold (right hand)
Wands
 i - a wand of flame (92)
 p - a wand of acid (20)
 z - a wand of mindburst (11)
 C - a wand of polymorph (18)
 M - a wand of digging (5)
 Q - a wand of paralysis (21)
 S - a wand of roots (15)
Scrolls
 f - 27 scrolls of teleportation
 j - a scroll of enchant armour
 n - 7 scrolls of fog
 r - 3 scrolls of poison
 D - a scroll of brand weapon
 F - 2 scrolls of blinking
 I - 4 scrolls of magic mapping
 K - 2 scrolls of fear
 P - a scroll of torment {unknown}
 Y - 5 scrolls of identify {@r1}
 Z - 5 scrolls of immolation
Potions
 e - 8 potions of heal wounds
 g - 3 potions of ambrosia
 m - 4 potions of haste
 o - 2 potions of resistance
 q - 22 potions of curing {@q1}
 t - 10 potions of mutation
 v - 5 potions of lignification
 E - 4 potions of might
 G - 2 potions of flight
 J - 2 potions of berserk rage {unknown}
 W - 3 potions of magic
Miscellaneous
 d - a box of beasts
 u - a lightning rod (4/4)
 B - a phantom mirror


   Skills:
 * Level 22.0 Fighting
 O Level 27 Axes
 - Level 13.4 Armour
 - Level 6.1 Dodging
 - Level 6.0 Evocations


You had 16 spell levels left.
You didn't know any spells.
Your spell library was empty.

Dungeon Overview and Level Annotations

Branches:
Dungeon (15/15)            Temple (0/1) D:6            Lair (5/5) D:8
  Swamp (4/4) Lair:2        Snake (4/4) Lair:3        Slime (0/5) Lair:5
    Orc (2/2) D:12            Elf (0/3) Orc:2        Vaults (0/5) D:14
 Depths (0/4) D:15

Altars:
Ashenzari
Cheibriados
Dithmenos
Elyvilon
Fedhas
Gozag
Hepliaklqana
Kikubaaqudgha
Makhleb
Nemelex Xobeh
Okawaru
Qazlal
Ru
Sif Muna
Trog
Uskayaw
Vehumet
Wu Jian
Xom
Yredelemnul
Zin
The Shining One
Jiyva

Shops:
D:6 ?   Orc:1 [   Orc:2 [:*(   Snake:1 !   Snake:2 =?:*[

Portals:
Hell: Lair:5

Annotations:
D:13 3 runed translucent doors
D:15 Louise
Swamp:3 exclusion: oklob plant
Snake:4 Vashnia


Innate Abilities, Weirdness & Mutations

You have a pair of horns on your head.
You reflexively headbutt those who attack you in melee.


Message History

The anaconda is heavily wounded.
You slice the salamander mystic like a ripe choko!!!
You kill the salamander mystic!
Trog accepts your kill.
Trog appreciates your killing of a magic user.
Your +9 spectral executioner's axe misses the anaconda.
You feel sick.
The naga sharpshooter shoots an arrow.
The arrow hits you.
* * * LOW HITPOINT WARNING * * *
The anaconda bites you but does no damage.
The anaconda constricts you.
* * * LOW HITPOINT WARNING * * *
Your Fighting skill increases to level 22!
You closely miss the anaconda. Your headbutt misses the anaconda.
The anaconda is heavily wounded.
Your +9 spectral executioner's axe hits the anaconda!!!
You kill the anaconda!
Trog accepts your kill.
You feel sick.
Vashnia shoots an arrow.
The arrow hits your +9 spectral executioner's axe!!!
Your spectral weapon shares its damage with you!
Your +9 spectral executioner's axe disappears.
* * * LOW HITPOINT WARNING * * *
A naga sharpshooter comes into view. It is wielding a +0 glaive.
The naga sharpshooter shouts!
The naga sharpshooter shoots an arrow.
The arrow completely misses you. Vashnia spits poison at you.
The splash of poison hits you but does no damage.
You resist.
You see here a salamander corpse.
You feel a strong urge to attack something.
You are no longer berserk.
You are exhausted.
You feel yourself slow down.
You feel sick.
The naga sharpshooter spits poison at you.
The splash of poison hits you but does no damage.
You resist.
You feel much better.
You feel sick.
Vashnia shoots an arrow.
The arrow hits you!!
You die...

# #........ #.
##.8.8.8.8. #.
##............
#φN .............
N. #..#
...N........ .N
#...##.8N8.8.8.8.
..
#..@#)†.........
..
#...†..N...⌠....
##..)†)⌠.......⌠
###............
###.........#
###########


You could see Vashnia (catching breath) and a naga sharpshooter (catching
breath).

Vanquished Creatures
  Rupert (D:13)
  A tentacled monstrosity (Swamp:4)
  Frances (Snake:1)
  Kirke (Snake:3)
  Donald (Swamp:1)
  Roxanne (Swamp:3)
  7 nagarajas
  Aizul (Snake:3)
  An ironbound preserver (D:14)
  A stone giant (Orc:2)
  5 eleionomae
  Nessos (Lair:4)
  2 dire elephants (Lair:5)
  The ghost of Megalobster the Executioner, a journeyman MiBe of Trog (Lair:3)
  4 bunyips
  3 ettins (Orc:2)
  The ghost of Luuwnalu the Nimble, a journeyman KoHu of Okawaru (Lair:3)
  4 ice dragons (Swamp:4)
  A shambling mangrove (Swamp:2)
  8 hydras
  2 salamander tyrants (Snake:4)
  2 ghost crabs (Swamp:2)
  7 centaur warriors
  Erica (Lair:2)
  15 anacondas
  A spriggan air mage (Swamp:4)
  2 boulder beetles (D:14)
  14 alligators
  3 tengu warriors
  4 two-headed ogres
  10 naga warriors
  10 naga sharpshooters
  A spriggan berserker (Swamp:3)
  Urug (Lair:2)
  6 shock serpents
  11 spriggans
  A sun demon (Lair:5)
  6 salamander mystics
  A skyshark (Lair:3)
  5 skeletal warriors
  4 goliath frogs
  An orange crystal statue (D:13)
  2 swamp dragons (Swamp:2)
  A wizard (Lair:5)
  3 naga ritualists (Snake:1)
  3 bog bodies
  4 steelbarb worms (Swamp:1)
  2 spriggan druids
  4 mana vipers
  2 orc knights (Orc:1)
  3 deep elf pyromancers (D:14)
  An ugly thing (D:14)
  An oklob plant (Lair:4)
  A manticore (D:8)
  2 orc sorcerers
  11 cyclopes
  5 guardian serpents
  3 elephants (Lair:5)
  13 salamanders
  Maurice (D:11)
  3 will-o-the-wisps
  A torpor snail (Lair:3)
  11 naga magi
  2 molten gargoyles (Lair:4)
  31 black mambas
  2 orange demons (Lair:5)
  An unseen horror (shapeshifter) (D:13)
  2 gargoyles
  2 efreet
  20 cane toads
  4 rime drakes
  Maggie (D:7)
  4 freezing wraiths (Swamp:4)
  11 komodo dragons
  3 ice devils (Lair:5)
  A kobold demonologist (D:12)
  A red devil (Lair:5)
  6 trolls
  12 tyrant leeches
  A hellwing (Lair:5)
  4 polar bears
  7 blink frogs
  13 hornets
  12 slime creatures
  A shadow (D:10)
  Eustachio (D:5)
  A vampire (D:11)
  68 yaks
  3 wraiths
  4 hogs (Snake:3)
  4 basilisks
  7 wyverns
  9 vampire mosquitoes
  6 swamp worm simulacra (Swamp:4)
  A steam dragon (D:8)
  24 swamp worms
  Edmund (D:6)
  2 wargs
  28 nagas
  Menkaure (D:6)
  17 water moccasins
  3 acid dragons
  Duvessa (D:4)
  17 hydra simulacra (Swamp:4)
  4 hell hounds (Lair:5)
  3 swamp drakes (Swamp:1)
  8 orc warriors
  A sky beast (D:6)
  2 ice beasts
  3 black bears
  24 wolves
  12 centaurs
  6 ogres
  3 phantoms
  3 kobold brigands
  21 bullfrogs
  3 gnoll sergeants
  6 scorpions
  A wight (D:10)
  Dowan (D:4)
  6 killer bees
  10 howler monkeys
  3 electric eels (D:10)
  A quasit (D:5)
  3 jellies
  5 lava snakes (Lair:4)
  Crazy Yiuf (D:6)
  9 orc priests
  3 iguanas
  4 sleepcaps
  Terence (D:2)
  5 hell rats (Lair:4)
  22 orc wizards
  Robin (D:3)
  10 gnolls
  17 adders
  6 shadow imps
  3 white imps
  7 ufetubi
  2 swamp drake simulacra (Swamp:4)
  2 worms (D:2)
  A dart slug (D:3)
  71 orcs
  9 endoplasms
  A giant cockroach (D:1)
  14 goblins
  10 hobgoblins
  3 quokkas
  3 ball pythons
  2 bats
  2 frilled lizards (D:1)
  7 kobolds
  9 rats
924 creatures vanquished.

Vanquished Creatures (collateral kills)
  A naga (Snake:1)
1 creature vanquished.

Vanquished Creatures (others)
  A hydra (Swamp:4)
  An alligator (Swamp:2)
  2 bloated husks (Swamp:2)
  A swamp worm (Swamp:4)
  15 foxfires
  84 fungi
  75 plants
  9 spectral weapons
188 creatures vanquished.

Grand Total: 1113 creatures vanquished

Notes
Turn   | Place    | Note
-------+----------+-------------------------------------------
     0 | D:1      | Megalobster the Minotaur Berserker began the quest for the
                  | Orb.
     0 | D:1      | Reached XP level 1. HP: 19/19 MP: 0/0
   108 | D:1      | Found a faded altar of an unknown god.
   108 | D:1      | You fall into a shaft and drop 1 floor!
   133 | D:2      | Reached skill level 4 in Axes
   150 | D:2      | Noticed Terence
   160 | D:2      | Killed Terence
   161 | D:2      | Reached skill level 5 in Axes
   161 | D:2      | Reached XP level 2. HP: 26/26 MP: 1/1
   161 | D:2      | Reached XP level 3. HP: 31/31 MP: 2/2
   465 | D:2      | Found a hide-covered altar of Uskayaw.
   872 | D:1      | Reached skill level 6 in Axes
   872 | D:1      | Reached XP level 4. HP: 35/39 MP: 3/3
  1274 | D:2      | Reached ** piety under Trog
  1801 | D:3      | Noticed Robin
  1810 | D:3      | Reached XP level 5. HP: 45/45 MP: 4/4
  1810 | D:3      | Killed Robin
  1811 | D:3      | Reached skill level 7 in Axes
  2155 | D:3      | Found a hazy altar of Hepliaklqana.
  2523 | D:4      | Reached skill level 8 in Axes
  2527 | D:4      | Reached XP level 6. HP: 19/51 MP: 5/5
  2938 | D:4      | Found a sparkling altar of Nemelex Xobeh.
  3000 | D:4      | Reached skill level 9 in Axes
  3083 | D:4      | Reached *** piety under Trog
  3247 | D:4      | Found a broken altar of Ashenzari.
  3285 | D:4      | Noticed Dowan
  3286 | D:4      | Noticed Duvessa
  3303 | D:4      | Killed Duvessa
  3304 | D:4      | Reached XP level 7. HP: 57/57 MP: 6/6
  3307 | D:4      | Found an iron altar of Okawaru.
  3311 | D:4      | Killed Dowan
  3312 | D:4      | Reached skill level 10 in Axes
  3312 | D:4      | Found a snail-covered altar of Cheibriados.
  3462 | D:4      | Found a sacrificial altar of Ru.
  3467 | D:4      | Found a basalt altar of Yredelemnul.
  3468 | D:4      | Found a blossoming altar of Fedhas.
  3470 | D:4      | Found a glowing golden altar of the Shining One.
  3470 | D:4      | Found an ancient bone altar of Kikubaaqudgha.
  3471 | D:4      | Found a shimmering blue altar of Sif Muna.
  3474 | D:4      | Found a bloodstained altar of Trog.
  3477 | D:4      | Found a white marble altar of Elyvilon.
  3478 | D:4      | Found an ornate altar of the Wu Jian Council.
  3673 | D:5      | Entered Level 5 of the Dungeon
  3743 | D:5      | Found a shimmering altar of Xom.
  4032 | D:5      | Reached skill level 11 in Axes
  4081 | D:5      | Reached XP level 8. HP: 62/64 MP: 7/7
  4187 | D:5      | Noticed Eustachio
  4195 | D:5      | Killed Eustachio
  4217 | D:5      | Found a shadowy altar of Dithmenos.
  4320 | D:5      | Reached skill level 5 in Armour
  4614 | D:6      | Found a radiant altar of Vehumet.
  4686 | D:6      | Found a runed translucent door.
  4687 | D:6      | Noticed Crazy Yiuf
  4693 | D:6      | Killed Crazy Yiuf
  4694 | D:6      | Reached skill level 12 in Axes
  4855 | D:6      | Noticed Edmund
  4871 | D:6      | Killed Edmund
  4934 | D:6      | Noticed Menkaure
  4941 | D:6      | Killed Menkaure
  5031 | D:6      | Found a staircase to the Ecumenical Temple.
  5473 | D:6      | Found Qupsyojue's Magic Scroll Shop.
  5476 | D:6      | Bought a scroll of enchant armour for 90 gold pieces
  5476 | D:6      | Bought a scroll of teleportation for 36 gold pieces
  5476 | D:6      | Bought a scroll of teleportation for 36 gold pieces
  5476 | D:6      | Bought a scroll of teleportation for 36 gold pieces
  5564 | D:7      | Reached skill level 13 in Axes
  5564 | D:7      | Reached XP level 9. HP: 69/70 MP: 8/8
  5577 | D:7      | Reached skill level 1 in Evocations
  5681 | D:7      | Noticed Maggie
  5695 | D:7      | Killed Maggie
  5882 | D:7      | Reached skill level 14 in Axes
  6057 | D:7      | Noticed a two-headed ogre
  6161 | D:7      | Killed a two-headed ogre
  6162 | D:7      | Reached skill level 15 in Axes
  6162 | D:7      | Reached XP level 10. HP: 77/77 MP: 9/9
  6648 | D:8      | Reached **** piety under Trog
  6800 | D:8      | Noticed a cyclops
  6803 | D:8      | Noticed a manticore
  6988 | D:8      | Killed a cyclops
  6988 | D:8      | Killed a manticore
  6989 | D:8      | Reached skill level 16 in Axes
  6989 | D:8      | Reached skill level 5 in Evocations
  7293 | D:8      | Found a staircase to the Lair.
  7577 | D:8      | Reached skill level 17 in Axes
  7579 | D:8      | Reached ***** piety under Trog
  7665 | D:8      | Found a glowing silver altar of Zin.
  7729 | D:8      | Found a stormy altar of Qazlal.
  7765 | D:8      | Found an opulent altar of Gozag.
  8008 | D:9      | Found a hide-covered altar of Uskayaw.
  8021 | D:9      | Paralysed by a hornet for 1 turns
  8281 | D:9      | Reached XP level 11. HP: 43/82 MP: 10/10
  8883 | D:10     | Entered Level 10 of the Dungeon
  9147 | D:10     | Identified the +8 rapier "Xakkin" {spect, rN++ Will- rCorr}
  9283 | D:10     | Reached skill level 18 in Axes
  9872 | D:10     | Noticed a two-headed ogre
  9891 | D:10     | Killed a two-headed ogre
  9896 | D:10     | Reached skill level 19 in Axes
 10262 | D:11     | Noticed a centaur warrior
 10271 | D:11     | Killed a centaur warrior
 10274 | D:11     | Received a gift from Trog
 10417 | D:11     | Reached skill level 20 in Axes
 10736 | D:11     | Noticed Maurice
 10744 | D:11     | Killed Maurice
 11283 | D:12     | Reached XP level 12. HP: 88/90 MP: 11/11
 11601 | D:12     | Identified the +4 falchion of Kux Quro {freeze, rElec}
 11686 | D:12     | Noticed a tengu warrior
 11703 | D:12     | Killed a tengu warrior
 11704 | D:12     | Reached skill level 21 in Axes
 12369 | Lair:1   | Entered Level 1 of the Lair of Beasts
 12680 | Lair:1   | Reached skill level 22 in Axes
 13534 | Lair:2   | Noticed Erica
 13538 | Lair:2   | Killed Erica
 13542 | Lair:2   | Reached skill level 23 in Axes
 13750 | Lair:2   | Noticed Urug
 13761 | Lair:2   | Killed Urug
 13804 | Lair:2   | Noticed a four-headed hydra
 13821 | Lair:2   | Killed a four-headed hydra
 13880 | Lair:2   | Reached XP level 13. HP: 95/95 MP: 12/12
 13923 | Lair:2   | Received a gift from Trog
 14369 | Lair:2   | Found a staircase to the Swamp.
 14673 | Lair:3   | Reached skill level 24 in Axes
 14889 | Lair:3   | Found a staircase to the Snake Pit.
 14947 | Lair:3   | Found a runed translucent gate.
 14948 | Lair:3   | Found a runed translucent gate.
 14949 | Lair:3   | Found a runed translucent gate.
 14950 | Lair:3   | Noticed Megalobster's ghost (journeyman MiBe)
 14951 | Lair:3   | Noticed Luuwnalu's ghost (journeyman KoHu)
 16164 | Lair:4   | Reached skill level 5 in Fighting
 16583 | Lair:4   | Noticed Nessos
 16595 | Lair:4   | Killed Nessos
 16596 | Lair:4   | Reached skill level 25 in Axes
 17099 | Lair:5   | Entered Level 5 of the Lair of Beasts
 17367 | Lair:5   | Found a staircase to the Slime Pits.
 17367 | Lair:5   | Found a viscous altar of Jiyva.
 17571 | Lair:5   | Received a gift from Trog
 17748 | Lair:5   | Reached XP level 14. HP: 88/113 MP: 13/13
 18377 | Lair:5   | Reached skill level 26 in Axes
 19045 | Lair:5   | Found a burning altar of Makhleb.
 19126 | Lair:5   | Found a gateway to Hell.
 19126 | Lair:5   | Found the +8 longbow "Zephyr" {speed, Dex+3 SInv}
 19829 | Lair:3   | Killed Luuwnalu's ghost
 19833 | Lair:3   | Killed Megalobster's ghost
 19844 | Lair:3   | Identified the +4 morningstar "Kuny" {flame, Fly rN+ Dex-4}
 20168 | D:12     | Found a staircase to the Orcish Mines.
 20333 | Orc:1    | Entered Level 1 of the Orcish Mines
 20524 | Orc:2    | Entered Level 2 of the Orcish Mines
 20529 | Orc:2    | Noticed a stone giant
 20539 | Orc:2    | Killed a stone giant
 20866 | Orc:2    | Found Muryafal's Book Shoppe.
 20873 | Orc:2    | Found Elediow's Jewellery Boutique.
 20874 | Orc:2    | Found a staircase to the Elven Halls.
 20911 | Orc:2    | Found Yhox's Antique Armour Shop.
 20981 | Orc:2    | Found Iwycw's Antique Weapon Emporium.
 21027 | Orc:2    | Reached skill level 10 in Fighting
 21300 | Orc:1    | Received a gift from Trog
 21551 | Orc:1    | Found Fian Suci's Antique Armour Boutique.
 21857 | Orc:2    | Bought a sapphire-encrusted ring mail for 207 gold pieces
 21857 | Orc:2    | Identified the +6 ring mail of Sloth {rC+ Will+ Dex+3} (You
                  | bought it in a shop on level 2 of the Orcish Mines)
 22105 | Orc:2    | Found Couxaix's General Store.
 22132 | Orc:2    | Bought a potion of heal wounds for 90 gold pieces
 22306 | Orc:2    | Bought a runed plate armour for 598 gold pieces
 22620 | D:13     | Found a runed translucent door.
 22630 | D:13     | Found a runed translucent door.
 22664 | D:13     | Found a runed translucent door.
 22676 | D:13     | Found a runed translucent door.
 22855 | D:13     | Reached XP level 15. HP: 79/128 MP: 14/14
 23143 | D:13     | Noticed Rupert
 23150 | D:13     | Killed Rupert
 23549 | D:14     | Reached skill level 27 in Axes
 24000 | D:14     | Found a gate to the Vaults.
 24394 | D:14     | Reached skill level 10 in Armour
 24537 | D:15     | Entered Level 15 of the Dungeon
 24636 | D:15     | Found a staircase to the Depths.
 24637 | D:15     | Noticed a fire giant
 24642 | D:15     | Noticed Louise
 25013 | Swamp:1  | Entered Level 1 of the Swamp
 25661 | Swamp:1  | Noticed Donald
 25671 | Swamp:1  | Killed Donald
 26185 | Swamp:1  | Identified the +6 longbow of Dafolofek {elec, rF+ Will+}
 27180 | Swamp:2  | Received a gift from Trog
 27960 | Swamp:3  | Reached XP level 16. HP: 103/146 MP: 15/15
 28240 | Swamp:3  | Noticed Roxanne
 28264 | Swamp:3  | Killed Roxanne
 28929 | Swamp:4  | Entered Level 4 of the Swamp
 28978 | Swamp:4  | Reached skill level 15 in Fighting
 28987 | Swamp:4  | Noticed a tentacled monstrosity
 29060 | Swamp:4  | Killed a tentacled monstrosity
 29061 | Swamp:4  | Reached skill level 5 in Dodging
 29557 | Swamp:4  | Received a gift from Trog
 29848 | Swamp:4  | Got a decaying rune of Zot
 30609 | Snake:1  | Entered Level 1 of the Snake Pit
 31340 | Snake:1  | Found Kaxus's Distillery.
 31343 | Snake:1  | Bought a potion of curing for 51 gold pieces
 31343 | Snake:1  | Bought a potion of heal wounds for 85 gold pieces
 31343 | Snake:1  | Bought a potion of curing for 51 gold pieces
 31343 | Snake:1  | Bought a potion of heal wounds for 85 gold pieces
 31343 | Snake:1  | Bought a potion of mutation for 136 gold pieces
 31343 | Snake:1  | Bought a potion of curing for 51 gold pieces
 31343 | Snake:1  | Bought a potion of flight for 51 gold pieces
 31927 | Snake:1  | Noticed Frances
 31935 | Snake:1  | Killed Frances
 31975 | Snake:1  | Received a gift from Trog
 32057 | Snake:1  | Reached XP level 17. HP: 159/166 MP: 16/16
 32615 | Snake:2  | Found Heneikyv's Assorted Antiques.
 32675 | Snake:2  | Found Zudehysu's Book Shoppe.
 32737 | Snake:2  | Found Jeff's Antique Armour Boutique.
 32749 | Snake:2  | Bought a twisted plate armour for 700 gold pieces
 32749 | Snake:2  | Identified the +1 plate armour of Majestic Leaves {Will++
                  | Str-4 Int+2} (You bought it in a shop on level 2 of the
                  | Snake Pit)
 32749 | Snake:2  | Bought a pair of ichor-stained boots for 237 gold pieces
 32749 | Snake:2  | Identified the +2 pair of boots of Liberalism {Fly Regen+
                  | Str+3} (You bought it in a shop on level 2 of the Snake
                  | Pit)
 32887 | Snake:2  | Found Xoakaw's Jewellery Shoppe.
 32952 | Snake:2  | Found Pupsur's Magic Scroll Emporium.
 32961 | Snake:2  | Bought a scroll of enchant weapon for 90 gold pieces
 32961 | Snake:2  | Bought a scroll of fear for 48 gold pieces
 32961 | Snake:2  | Bought a scroll of enchant armour for 90 gold pieces
 32961 | Snake:2  | Bought a scroll of fog for 48 gold pieces
 33576 | Snake:3  | Noticed Kirke
 33588 | Snake:3  | Killed Kirke
 33679 | Snake:3  | Noticed Aizul
 33687 | Snake:3  | Killed Aizul
 33696 | Snake:3  | Received a gift from Trog
 34343 | Snake:4  | Entered Level 4 of the Snake Pit
 35033 | Snake:4  | Noticed Vashnia
 35043 | Snake:4  | HP: 2/264 [Vashnia/+0 longbow (15)]
 35046 | Snake:4  | Shot with an arrow by Vashnia

Illustrated notes

Levels and vault maps discovered:
D:1:      heliophobic_arrival_ceremonial_halls, layout_basic,
          chequers_ecumenical_altar_simple, palyth_stone_intersect
D:2:      layout_basic, basic_altar, st_stairs_10, mrwooster_statue_mirror,
          uniq_terence
D:3:      layout_loops_corners, nzn_hepliaklqana_mist_gate,
          portal_sewer_entry_d, uniq_robin
D:4:      layout_loops_ring, nemelex_diamond_rough_becter,
          mainiacjoe_overflow_24_doors, nicolae_overflow_hallway_of_the_gods,
          uniq_duvessa
D:5:      layout_loops_ring, grunt_dithmenos_shadows,
          mainiacjoe_overflow_boulevard, serial_demonic, serial_demonic_e,
          serial_demonic_e, serial_demonic_e, serial_demonic_d,
          serial_demonic_a, serial_demonic_a, serial_demonic_f, uniq_eustachio
D:6:      layout_basic, nicolae_vehumet_radiance, temple_hall, serial_shops,
          nicolae_shop_rolled_up, uniq_crazy_yiuf_cottage, uniq_edmund,
          uniq_menkaure
D:7:      layout_loops_cross, chequers_serial_rivers_small_b,
          nicolae_kite_square_tiling_tiny, amcnicky_mini_pool_medium,
          uniq_maggie
D:8:      hangedman_cross_stitches, layout_rooms,
          pdpol_temple_overflow_zin_treasury_gozag_greed,
          nicolae_qazlal_eye_of_the_storm, due_lair_maze_entry_diamond,
          special_room [special_room_orc]
D:9:      layout_loops_ring, overflow_temple_1_default,
          nicolae_figureground_sparkle
D:10:     layout_basic, kennysheep_kite_vault
D:11:     layout_long_grid, uniq_maurice
D:12:     layout_irregular_city, hiddenorc1_lemuel
D:13:     layout_irregular_city, minmay_statue_crystal_thing, uniq_rupert
D:14:     layout_irregular_city, skrybe_vaults_entry_preservation,
          dk_noncrumbling_2
D:15:     grunt_enter_depths_giant_problem, layout_loops_cross,
          portal_ice_cave_entry_pillars_four, abandoned_shop, uniq_louise,
          uniq_jorgrun
Lair:1:   minmay_lair_venomous_thicket, layout_cave_pods, beast_lair_carwin_11,
          grunt_megastairs_2
Lair:2:   layout_roguey, minmay_swamp_entry_wisps, uniq_erica, uniq_urug
Lair:3:   layout_regular_city, dummy_snake_entry, gammafunk_ghost_cemetery,
          lemuel_fruit_tree, grunt_megastairs_1
Lair:4:   cheibrodos_magma_flow, layout_small_grid, uniq_nessos
Lair:5:   evil_forest, layout_small_grid, slime_entry_1,
          nicolae_quartered_pool_impasse, st_stairs_6,
          chequers_serial_rivers_large_b, worms_lemuel
Swamp:1:  layout_basic_swamp, nicolae_swamp_treefoil, swamp_pool5,
          nicolae_swamp_vermiculated, uniq_donald
Swamp:2:  layout_basic_swamp, hangedman_swamp_ruin_wall, swamp_pool3
Swamp:3:  layout_falls_marsh, evilmike_swamp_ruin_house_2, swamp_pool4,
          nicolae_swamp_oklob_treasure_island, uniq_roxanne
Swamp:4:  swamp_icy, layout_basic_swamp
Snake:1:  layout_onion, serial_shops, nicolae_shop_real_fake_doors,
          nicolae_snake_scaly_snakehead, nicolae_triple_integral, uniq_frances
Snake:2:  layout_rooms, serial_shops, nicolae_shop_advertising_works
          [nicolae_subvault_shop_adworks], shop, shop, shop, shop_fountains
Snake:3:  layout_basic, grunt_ministairs_6, uniq_aizul, uniq_kirke
Snake:4:  grunt_snake_rune_serpentine_throne, layout_gridlike, serial_curves,
          eino_curves_01, eino_curves_02, nicolae_snake_springs
Orc:1:    layout_caves, serial_shops, shop
Orc:2:    grunt_orc_gardens, layout_caves, grunt_orc_garden, grunt_orc_garden,
          grunt_orc_garden, grunt_orc_garden, gauntlet_entry_generic,
          serial_shops, shop, abandoned_shop

Skill      XL: |  1  2  3  4  5  6  7  8  9 10 11 12 13 14 15 16 17 |
---------------+----------------------------------------------------+-----
Axes           | 5 6 8 9 11 13 15 17 20 23 25 26 27 | 27.0
Armour         | 4 6 8 12 13 | 13.4
Evocations     | 4 6 |  6.0
Fighting       | 7 10 14 18 22 | 22.0
Dodging        | 3 6 |  6.1

Action                     |  1- 3 |  4- 6 |  7- 9 | 10-12 | 13-15 | 16-18 || total
---------------------------+-------+-------+-------+-------+-------+-------++-------
  Melee: Hand axe          |    47 |   151 |   227 |       |       |       ||   425
         Headbutt          |    10 |    20 |    50 |    99 |   144 |    88 ||   411
         Punch             |       |     1 |     4 |     5 |     1 |       ||    11
         Broad axe         |       |       |    38 |   335 |       |       ||   373
         Battleaxe         |       |       |       |   156 |   402 |       ||   558
         Mace              |       |       |       |    10 |    17 |       ||    27
         Executioner's axe |       |       |       |       |   197 |   401 ||   598
         Morningstar       |       |       |       |       |     6 |     9 ||    15
 Invoke: Berserk           |     1 |     3 |     8 |    10 |    15 |     3 ||    40
         Trog's Hand       |       |     1 |     3 |     6 |    10 |     6 ||    26
         Brothers in Arms  |       |       |       |       |       |     1 ||     1
  Evoke: Wand              |       |       |       |     6 |    29 |     4 ||    39
    Use: Potion            |     1 |       |       |     1 |     3 |     5 ||    10
         Scroll            |       |     1 |    10 |     8 |    13 |     6 ||    38
   Stab: Paralysed         |       |       |       |     2 |     4 |       ||     6
         Invisible         |       |       |       |       |     2 |       ||     2
         Distracted        |       |       |       |       |     6 |     7 ||    13
 Armour: Leather armour    |     8 |    34 |     1 |       |       |       ||    43
         Animal skin       |     1 |       |       |       |       |       ||     1
         Ring mail         |       |       |    83 |       |    59 |       ||   142
         Swamp dragon scal |       |       |    13 |   214 |   171 |       ||   398
         Chain mail        |       |       |       |       |    50 |   186 ||   236
  Dodge: Dodged            |    21 |    66 |    96 |   220 |   259 |   163 ||   825
  Block: Other             |       |     8 |    49 |   104 |   117 |    71 ||   349
         Reflection        |       |     1 |       |     2 |     9 |    11 ||    23
